 Dungeon Crawl Stone Soup version 0.28-a0-1206-g193881aaa2 (webtiles) character file.

Game seed: 3752389031647814919

1 bearlyready the Sneak (level 1, 0/19 HPs)
             Began as a Hill Orc Delver on Dec 20, 2021.
             Slain by an orc (3 damage)
             ... on level 4 of the Dungeon.
             The game lasted 00:00:53 (135 turns).

bearlyready the Sneak (Hill Orc Delver)              Turns: 135, Time: 00:00:54

Health: 0/19       AC:  3    Str: 14    XL:     1   Next: 20%
Magic:  1/1        EV: 11    Int: 10    God:
Gold:   20         SH:  0    Dex: 12    Spells: 0/0 levels left

rFire   . . .      SeeInvis .   a - +0 hand axe
rCold   . . .      Faith    .   (no shield)
rNeg    . . .      Spirit   .   b - +0 leather armour
rPois   .          Reflect  .   (no helmet)
rElec   .          Harm     .   (no cloak)
rCorr   .          Rampage  .   (no gloves)
Will    .....                   (no boots)
Stlth   ++........              (no amulet)
HPRegen 0.06/turn               (no ring)
MPRegen 0.07/turn               (no ring)

@: no status effects
A: no striking features
a: no special abilities


You were on level 4 of the Dungeon.
You visited 1 branch of the dungeon, and saw 2 of its levels.

You collected 20 gold pieces.

Inventory:

Hand Weapons
 a - a +0 hand axe (weapon)
Missiles
 h - 22 sling bullets
 i - 24 bolts
Armour
 b - a +0 leather armour (worn)
Wands
 g - a wand of digging (3)
Scrolls
 c - a scroll of fog
 d - a scroll of magic mapping
 e - a scroll of fear
Potions
 f - a potion of haste


   Skills:
 - Level 3.6 Fighting
 + Level 2.9 Axes
 - Level 1.5 Dodging
 - Level 4.1 Stealth


You couldn't memorise any spells.
You didn't know any spells.
Your spell library was empty.

Dungeon Overview and Level Annotations

Branches:
Dungeon (5/15)
 Temple: D:4-7

Altars:


Message History

You kill the goblin!
You see here a +0 dagger.
HP restored.
You now have 20 gold pieces (gained 14).
You open the door.
An orc comes into view. It is wielding a +0 club.
There is an open door here.
An orc is nearby!
The orc shouts!
The orc hits you with a +0 club.
You hit the orc but do no damage. The orc barely misses you.
You closely miss the orc. The orc hits you with a +0 club.
The orc closely misses you.
You hit the orc.
The orc is moderately wounded.
The orc hits you but does no damage.
You hit the orc but do no damage.
The orc is moderately wounded.
The orc hits you but does no damage.
You closely miss the orc.
The orc is lightly wounded.
The orc hits you with a +0 club.
You hit the orc.
The orc is severely wounded.
The orc misses you.
You closely miss the orc.
The orc is severely wounded.
The orc closely misses you.
You barely miss the orc.
The orc is severely wounded.
The orc barely misses you. The orc hits you with a +0 club.
* * * LOW HITPOINT WARNING * * *
You hit the orc but do no damage.
The orc is severely wounded.
The orc misses you.
Okay, then.
You closely miss the orc.
The orc is severely wounded.
The orc hits you with a +0 club.
You die...

##+##########
#...........#
#:..........#
#...........#
#...........#
#...........#
#....@o.....#
##'###################
#..................).
#####################


You could see an orc.

Vanquished Creatures
  A goblin (D:4)
1 creature vanquished.

Notes
Turn   | Place    | Note
-------+----------+-------------------------------------------
     0 | D:5      | bearlyready the Hill Orc Delver began the quest for the
                  | Orb.
     0 | D:5      | Reached XP level 1. HP: 19/19 MP: 1/1
   135 | D:4      | Slain by an orc

Illustrated notes

Levels and vault maps discovered:
D:4:      layout_basic, yredelemnul_altar_generic,
          minmay_temple_entry_proselytizer, chequers_serial_rivers_large_a,
          uniq_natasha
D:5:      layout_basic, gammafunk_temple_overflow_wave,
          mainiacjoe_overflow_chevrons, uniq_duvessa

Action                   || total
-------------------------++-------
Melee: Hand axe          ||    14
Armor: Leather armour    ||     3
Dodge: Dodged            ||     7

Table legend: (Time is in decaauts)
 A = Elapsed time spent in this place.
 B = Non-inter-level travel time spent in this place.
 C = Inter-level travel time spent in this place.
 D = Time resting spent in this place.
 E = Time spent auto-exploring this place.
 F = Levels seen in this place.
 G = Mean time per level.
                   A        B        C        D        E       F      G
               +--------+--------+--------+--------+--------+-----+--------+
         Total |    137 |    137 |      0 |      0 |     86 |   2 |   68.5 |
       Dungeon |    137 |    137 |      0 |      0 |     86 |   2 |   68.5 |
               +--------+--------+--------+--------+--------+-----+--------+

Top non-repeatable levels by time:
     D:4: 98 daAuts
     D:5: 39 daAuts
